Map: Ulrena

Players

TorpidLour

  • Race: Terran Terran
  • League: Silver
  • Spawn Location: 11:00

zidar - Winner!

  • Race: Zerg Zerg
  • League: Silver
  • Spawn Location: 7:00

VOD

Have the link to the VOD?

Description

Time

  • Played on: Jan. 10, 2016, 11:01 a.m.
  • Length: 9:42
Show
View Real Time Build Order
Export as new Build Order

TorpidLour Terran 

Build Orders:  

Get SALT Encoding   

  12  0:00  SCV  
  13  0:13  SCV  
  14  0:18  Supply Depot  
  14  0:25  SCV  
  15  0:39  SCV  
  16  0:46  Barracks  
  16  0:48  Refinery  
  16  0:58  SCV  
  17  1:08  Supply Depot  
  17  1:10  SCV  
  18  1:22  SCV  
  18  1:25  Barracks  
  18  1:37  Marine  
  19  1:55  Marine  
  19  1:56  Barracks  
  21  2:12  Orbital Command  
  21  2:13  Marine  
  21  2:20  Barracks Tech Lab  
  21  2:37  Barracks Reactor  
  21  2:39  Marine, Barracks  
  21  2:44  SCV  
  23  2:55  Barracks Tech Lab  
  23  2:56  Stimpack  
  23  2:57  Marine  
  24  3:05  SCV  
  24  3:06  Barracks  
  25  3:13  Combat Shield  
  25  3:16  Marine  
  25  3:17  Marine  
  27  3:29  Supply Depot  
  27  3:33  Barracks Reactor, Supply Depot  
  27  3:40  Marine x2  
  29  3:49  Supply Depot  
  29  3:52  Marine  
  31  3:59  Barracks Reactor  
  31  4:01  Marine  
  31  4:02  Marine  
  32  4:03  Marine  
  33  4:15  Marine x2  
  33  4:16  Marauder  
  37  4:19  Marine  
  37  4:22  Marine x2  
  40  4:32  Concussive Shells  
  40  4:33  Marine  
  40  4:34  Marine  
  40  4:37  Marauder  
  44  4:42  Marine  
  44  4:43  Marauder  
  47  4:51  Marine  
  48  4:53  Marine  
  48  4:59  Marauder  
  51  5:05  Marine x2  
  51  5:06  Marauder  
  55  5:21  Supply Depot  
  55  5:26  Marine  
  55  5:28  Marine  
  54  5:30  Marine  
  54  5:31  Marauder  
  38  5:40  Marine  
  38  5:41  Marauder  
  35  5:43  Marine  
  35  5:46  Marine  
  35  5:49  Marine  
  37  5:55  Marine x2  
  40  6:01  Marine x2  
  42  6:05  Marine x2  
  42  6:09  Marine  
  42  6:10  Marine  
  46  6:14  Marine x2  
  30  6:35  Marine x4, Marauder  
  30  6:36  Marauder  
  34  6:41  Marine  
  35  6:57  Marauder x2  
  35  6:58  Marine x2  
  35  6:59  Marine  
  42  7:03  Marine x2  
  44  7:16  Marine x2  
  44  7:18  Marauder x2  
  50  7:23  Marine  
  50  7:24  Marine  
  52  7:39  Marauder  
  31  7:58  Marine  
  31  7:59  Marine x4, Marauder  
  31  8:01  Marauder  
  31  8:04  Marine  
  32  8:16  Marine  
  32  8:17  Marine  
  32  8:18  Marine  
  35  8:21  Marauder  
  35  8:22  Marauder  
Show
View Real Time Build Order
Export as new Build Order

zidar Zerg - Winner!

Build Orders: Pool First 

Get SALT Encoding   

  12  0:02  Drone  
  13  0:15  Overlord  
  13  0:17  Drone  
  14  0:33  Drone x2  
  16  0:37  Drone  
  17  0:50  Spawning Pool, Drone  
  17  1:24  Hatchery  
  16  1:26  Drone  
  16  1:29  Extractor  
  16  1:31  Drone  
  17  1:40  Evolution Chamber  
  17  1:41  Queen  
  19  1:54  Drone x2  
  19  1:55  Drone  
  21  2:18  Overlord  
  21  2:24  Queen, Extractor  
  23  2:40  Zergling x2  
  23  2:41  Zergling x6  
  27  2:52  Metabolic Boost  
  27  2:56  Zergling x8  
  31  3:23  Drone x5  
  36  3:49  Zerg Ground Armor Level 1  
  36  3:54  Roach Warren  
  35  3:56  Extractor  
  34  4:04  Extractor  
  33  4:11  Overlord x2  
  33  4:12  Overlord  
  33  4:15  Hatchery  
  31  4:20  Zergling x8  
  35  4:28  Spine Crawler  
  34  4:46  Zergling x2  
  34  4:47  Zergling x14  
  43  5:14  Zergling x2  
  43  5:15  Zergling x16  
  37  5:53  Zergling x20  
  37  5:54  Zergling x2  
  41  6:42  Roach x8  
  57  7:11  Overlord x2  
  57  7:12  Overlord  
  57  7:32  Ravager x4  
  57  7:35  Ravager  
  62  7:39  Ravager  
  62  7:41  Ravager  
  57  7:45  Ravager  
  41  8:10  Zergling x20  
  41  8:11  Zergling x12  
  57  8:15  Roach  
Tags
 
Matchup
TvZ
Opening
Pool First
Spawn Locations
Close Positions
Add a new tag
Caveats
  • Supply blocks, unpowered buildings, or Contaminate may cause inaccurate times.
  • Supply counts are checked every 10 seconds.